 Dungeon Crawl Stone Soup version 0.27.1-35-g4d5d836560 (webtiles) character file.

Game seed: 9659625905743825171

6143 tkbsonic5 the Skirmisher (level 11, -4/81 HPs)
             Began as a Djinni Earth Elementalist on Jan 1, 2023.
             Was an Initiate of Gozag.
             Killed from afar by a manticore (15 damage)
             ... with a volley of spikes
             ... on level 8 of the Dungeon on Jan 2, 2023.
             The game lasted 01:10:39 (11938 turns).

tkbsonic5 the Skirmisher (DjEE)                    Turns: 11938, Time: 01:10:40

Health: -4/81      AC:  8    Str:  7    XL:     11   Next: 13%
Gold:   390        EV: 13    Int: 19    God:    Gozag SH:  0 Dex: 15

rFire    + + .     SeeInvis .   g - +4 whip (vamp)
rCold    x . .     Faith    .   (no shield)
rNeg     + . .     Spirit   .   B - +3 leather armour "Bokhin" {rN+}
rPois    ∞         Reflect  .   l - +2 hat
rElec    .         Harm     .   (no cloak)
rCorr    .         Rampage  .   (no gloves)
Will     +....                  (boots unavailable)
Stlth    ++........             o - amulet of the acrobat
HPRegen  0.23/turn              f - ring of wizardry
MPRegen  0.00/turn              n - ring of wizardry

@: brilliant, spiked, gold aura, flying
A: sickness immunity, fire resistance 2, cold vulnerability 1, float, innate
caster, hp casting, extra vitality 1
a: Renounce Religion, Potion Petition, Call Merchant, Bribe Branch


You were on level 8 of the Dungeon.
You worshipped Gozag.
Gozag was aware of your devotion.
You visited 1 branch of the dungeon, and saw 8 of its levels.

You collected 1625 gold pieces.
You spent 840 gold pieces at shops.
You paid 395 gold pieces to Gozag.

Inventory:

Hand Weapons
 a - a +0 hand axe
 e - a +0 halberd
 g - a +4 vampiric whip (weapon)
 h - a +0 battleaxe
 r - a +2 falchion of holy wrath
 v - a +0 shortbow
 x - a +4 falchion
Missiles
 c - 105 stones
 d - 41 bolts
 k - 11 boomerangs
 p - 2 throwing nets
 w - 53 arrows
Armour
 b - a +2 robe
 l - a +2 hat (worn)
 B - the +3 leather armour "Bokhin" (worn) {rN+}
   (You found it on level 7 of the Dungeon)

   rN:        It protects you from negative energy.
Jewellery
 f - a ring of wizardry (left hand)
 n - a ring of wizardry (right hand)
 o - an amulet of the acrobat (around neck)
 t - a ring of resist corrosion
Wands
 j - a wand of iceblast (6)
 C - a wand of digging (4)
Scrolls
 m - 5 scrolls of magic mapping
Potions
 i - a potion of resistance
 u - a potion of degeneration {unknown}
 z - a potion of cancellation


   Skills:
 * Level 7.9 Fighting
 - Level 0.5 Long Blades
 * Level 5.3 Maces & Flails
 - Level 1.0 Bows
 - Level 2.1 Throwing
 - Level 1.9 Armour
 + Level 5.1 Dodging
 - Level 1.5 Stealth
 * Level 7.2 Spellcasting
 + Level 6.1 Evocations


You had one spell level left.
You knew the following spells:

 Your Spells              Type           Power      Damage    Failure   Level
a - Sandblast             Erth           100%       2d20      1%          1
b - Passwall              Tmut/Erth      42%        N/A       1%          2
c - Stone Arrow           Conj/Erth      100%       3d13      1%          3
d - Petrify               Tmut/Erth      51%        N/A       2%          4
e - Sting                 Tmut/Pois      100%       1d8       1%          1
f - Ensorcelled Hibernat  Hex/Ice        100%       N/A       1%          2
g - Corpse Rot            Necr/Air       N/A        N/A       1%          2
h - Fulminant Prism       Conj/Hex       25%        3d14      2%          4
i - Sticky Flame          Conj/Fire      51%        2d7       2%          4
Your spell library was empty.

Dungeon Overview and Level Annotations

Branches:
Dungeon (8/15)             Temple (0/1) D:6
   Lair: D:8-11

Altars:
Cheibriados
Elyvilon
Gozag
Hepliaklqana
Okawaru
Vehumet

Shops:
D:4 =   D:7 (

Annotations:
D:3 Sigmund


Innate Abilities, Weirdness & Mutations

You are immune to sickness and miasma.
You are immune to poison.
Your flesh is very heat resistant. (rF++)
You are vulnerable to cold. (rC-)
You float through the air rather than walking.
You learn spells naturally, not from books.
Your magical power is your life essence.
You have superior vitality. (+4 HP)


Message History

Confirm with . or Enter, or press ? or * to list all spells.
Okay, then.
Casting: Fulminant Prism (dangerous; 2% risk of failure)
Confirm with . or Enter, or press ? or * to list all spells.
Okay, then.
Casting: Fulminant Prism (dangerous; 2% risk of failure)
Confirm with . or Enter, or press ? or * to list all spells.
Aiming: Passwall (safe; 1% risk of failure)
Press: ? - help, Dir - move target A rock wall.
You begin to meditate on the wall.
You continue meditating on the rock. x2
The purple ugly thing engulfs you but does no damage.
You continue meditating on the rock.
The purple ugly thing engulfs you!!
* * * LOW HITPOINT WARNING * * *
You finish merging with the rock.
The manticore flicks its tail.
The volley of spikes misses you.
As you read the scroll of fear, it crumbles to dust.
You assume a fearsome visage.
The manticore resists with some effort.
The manticore flicks its tail.
The volley of spikes hits you.
The barbed spikes become lodged in your body.
* * * LOW HITPOINT WARNING * * *
Okay, then.
Okay, then.
Okay, then.
Okay, then.
It was a potion of brilliance.
You feel clever all of a sudden.
The manticore flicks its tail.
The volley of spikes hits you!
The barbed spikes become lodged in your body.
* * * LOW HITPOINT WARNING * * *
You feel better.
The manticore flicks its tail.
The volley of spikes hits you!
The barbed spikes become lodged in your body.
You die...
Your body crumbles into a pile of gold.

#......# #...........# #.
######.# #...)##[....#
#.# #.# #)..........# #.#
#.###...$##[.$..# ...
#.#........$..$.##.#.#.
##[#..^....H)....#..Y...
#...............K.#
#.#........$###.#.#......
##.#.###@....$$...##.#.#.
##.## #...######.# ... ##
###u# #.# #.# ##$## ..#
#.# #$..# ... .. #u..#
... . #...# ##.##
#####...#####.#
####...........#


You could see a purple ugly thing and a manticore.

Vanquished Creatures
  A boulder beetle (D:8)
  A two-headed ogre (D:8)
  A komodo dragon (D:8)
  4 yaks (D:8)
  A basilisk (D:8)
  A steam dragon (D:8)
  A water moccasin (D:5)
  An ice beast (D:7)
  An orc warrior (D:8)
  A sky beast (D:7)
  2 ogres
  A black bear (D:8)
  2 necrophages
  2 centaurs
  2 phantoms
  Blork the orc (D:4)
  3 kobold brigands (D:8)
  A bullfrog (D:8)
  3 scorpions
  A wyvern skeleton (D:5)
  A water moccasin skeleton (D:4)
  4 killer bees
  14 wights
  2 electric eels (D:7)
  2 centaur zombies
  4 centaur skeletons
  2 gnoll shamans
  A jelly (D:6)
  5 hounds
  3 orc priests
  5 iguanas
  Terence (D:3)
  3 orc wizards (D:8)
  Robin (D:3)
  16 gnolls
  A howler monkey skeleton (D:7)
  9 adders
  2 shadow imps
  A white imp (D:4)
  An ufetubus (D:4)
  A worm (D:4)
  3 dart slugs
  16 orcs
  5 endoplasms
  2 giant cockroaches
  9 goblins
  14 hobgoblins
  4 jackals (D:4)
  3 quokkas
  8 ball pythons
  6 bats
  2 frilled lizards (D:1)
  10 kobolds
  5 rats
197 creatures vanquished.

Vanquished Creatures (others)
  62 fulminant prisms
  22 plants (D:7)
84 creatures vanquished.

Grand Total: 281 creatures vanquished

Notes
Turn   | Place    | Note
-------+----------+-------------------------------------------
     0 | D:1      | tkbsonic5 the Djinni Earth Elementalist began the quest for
                  | the Orb.
     0 | D:1      | Reached XP level 1. HP: 15/15 MP: 0/0
   157 | D:1      | Reached XP level 2. HP: 20/22 MP: 0/0
   389 | D:1      | Found a faded altar of an unknown god.
   839 | D:1      | Reached XP level 3. HP: 25/26 MP: 0/0
   839 | D:1      | Learned a level 1 spell: Sting
   991 | D:2      | Reached skill level 1 in Fighting
   991 | D:2      | Reached skill level 1 in Armour
  1670 | D:2      | Found an opulent altar of Gozag.
  1768 | D:2      | Became a worshipper of Gozag Ym Sagoz the Greedy
  2028 | D:3      | Noticed Robin
  2032 | D:2      | Reached XP level 4. HP: 26/32 MP: 0/0
  2106 | D:3      | Noticed a scorpion
  2110 | D:3      | Killed a scorpion
  2111 | D:3      | Reached XP level 5. HP: 29/38 MP: 0/0
  2111 | D:3      | Learned a level 2 spell: Ensorcelled Hibernation
  2441 | D:3      | Killed Robin
  2670 | D:3      | Noticed Terence
  2839 | D:4      | Noticed Blork the orc
  2955 | D:3      | Killed Terence
  2956 | D:3      | Reached XP level 6. HP: 35/45 MP: 0/0
  3034 | D:3      | Noticed Sigmund
  3392 | D:4      | Killed Blork the orc
  3587 | D:4      | Found Zeopiz's Jewellery Emporium.
  4074 | D:4      | Reached skill level 1 in Maces & Flails
  4077 | D:4      | Reached XP level 7. HP: 9/50 MP: 0/0
  4077 | D:4      | Learned a level 2 spell: Corpse Rot
  4335 | D:4      | Found a snail-covered altar of Cheibriados.
  4338 | D:4      | Found a white marble altar of Elyvilon.
  4338 | D:4      | Found an iron altar of Okawaru.
  4399 | D:4      | Found a hazy altar of Hepliaklqana.
  4492 | D:4      | Reached skill level 1 in Throwing
  5136 | D:4      | Reached XP level 8. HP: 53/58 MP: 0/0
  5550 | D:4      | Bought a ring of wizardry for 420 gold pieces
  5550 | D:4      | Bought an amulet of the acrobat for 420 gold pieces
  5679 | D:5      | Entered Level 5 of the Dungeon
  5845 | D:5      | Reached skill level 1 in Evocations
  6819 | D:5      | Reached skill level 5 in Fighting
  6819 | D:5      | Reached skill level 5 in Spellcasting
  7128 | D:6      | Reached XP level 9. HP: 60/65 MP: 0/0
  7128 | D:6      | Learned a level 4 spell: Fulminant Prism
  7275 | D:6      | Found a staircase to the Ecumenical Temple.
  9408 | D:7      | Reached skill level 5 in Evocations
  9463 | D:7      | Reached skill level 1 in Bows
  9742 | D:7      | Identified the +3 leather armour "Bokhin" {rN+}
  9789 | D:7      | Found Lem Qio's Firing Range.
  9929 | D:7      | Reached XP level 10. HP: 37/72 MP: 0/0
 10540 | D:8      | Noticed a two-headed ogre
 10758 | D:8      | Killed a two-headed ogre
 11138 | D:8      | Noticed a boulder beetle
 11140 | D:8      | Noticed a purple ugly thing
 11150 | D:8      | Noticed a komodo dragon
 11159 | D:8      | Killed a komodo dragon
 11176 | D:8      | Killed a boulder beetle
 11459 | D:8      | Reached skill level 5 in Maces & Flails
 11594 | D:8      | Reached XP level 11. HP: 37/79 MP: 0/0
 11594 | D:8      | Learned a level 4 spell: Sticky Flame
 11807 | D:8      | Reached skill level 5 in Dodging
 11933 | D:8      | Noticed a manticore
 11938 | D:8      | Killed from afar by a manticore

Illustrated notes

Levels and vault maps discovered:
D:1:      scummos_arrival_simple_crosswalls, layout_loops_corners,
          shapermc_ecumenical_altar_acropolis
D:2:      layout_rooms, basic_altar, minmay_tetromino_i2
D:3:      layout_rooms, general_overflow_altar, uniq_sigmund, uniq_robin,
          uniq_terence
D:4:      minmay_polygon_palace, layout_rooms, grunt_temple_overflow_open,
          serial_shops, shop, lemuel_old_faithful, uniq_blork_the_orc
D:5:      layout_rooms, minmay_misc_feat_nine_boxes, glass_columns_c,
          corexii_leaking_fountain, chequers_serial_rivers_micro_a
D:6:      layout_basic, minmay_temple_entry_statues_pillars,
          hangedman_decor_diamond_cutter, corexii_item_surrounded_by_moat
D:7:      layout_basic, serial_bayou, serial_bayou_shore_a, serial_bayou_pond_c,
          serial_bayou_ford_a, serial_bayou_pond_d, minivault_27,
          chequers_avenue, nicolae_shop_firing_range
D:8:      layout_loops_cross, enter_bailey_2, minmay_the_grid_2x2
          [minmay_the_grid_minigrid_medium, minmay_the_grid_minigrid_small_alt,
          minmay_the_grid_paths, minmay_the_grid_prize_inner_circle]

Skill      XL: |  1  2  3  4  5  6  7  8  9 10 11 |
---------------+----------------------------------+-----
Fighting       | 1 2 3 4 5 6 7 |  7.9
Armour         | 1 |  1.9
Dodging        | 3 4 5 |  5.1
Spellcasting   | 3 4 5 6 7 |  7.2
Maces & Flails | 1 2 3 5 |  5.3
Throwing       | 1 2 |  2.1
Evocations     | 3 5 6 |  6.1
Bows           | 1 |  1.0
Long Blades    | |  0.5
Stealth        | |  1.5

Action                   |  1- 3 |  4- 6 |  7- 9 | 10-12 || total
-------------------------+-------+-------+-------+-------++-------
Melee: Hand axe          |     1 |       |       |       ||     1
       Whip              |       |    15 |   102 |    27 ||   144
       Battleaxe         |       |     4 |       |       ||     4
       Falchion          |       |       |     7 |     7 ||    14
 Fire: Shortbow          |       |       |    21 |       ||    21
 Cast: Sandblast         |    45 |    46 |    78 |     4 ||   173
       Stone Arrow       |     5 |    33 |    53 |    15 ||   106
       Sting             |     2 |     8 |     1 |       ||    11
       Ensorcelled Hiber |       |     4 |     5 |     4 ||    13
       Petrify           |       |       |    38 |    16 ||    54
       Fulminant Prism   |       |       |    27 |    35 ||    62
       Passwall          |       |       |       |     2 ||     2
       Sticky Flame      |       |       |       |     3 ||     3
Invok: Potion Petition   |       |       |       |     1 ||     1
Evoke: Wand              |       |       |       |    11 ||    11
  Use: Scroll            |     3 |     2 |    11 |     1 ||    17
       Potion            |       |     5 |     1 |     3 ||     9
 Stab: Sleeping          |       |     2 |     1 |       ||     3
       Petrified         |       |       |    50 |    17 ||    67
       Petrifying        |       |       |     3 |     1 ||     4
Armor: Robe              |     3 |     4 |    13 |       ||    20
       Ring mail         |       |       |    14 |       ||    14
       Leather armour    |       |       |       |     4 ||     4
       Skin              |       |       |       |     1 ||     1
Dodge: Dodged            |     4 |    36 |    75 |    21 ||   136
       Rpst.: Falchion   |       |       |       |     3 ||     3
